 Dungeon Crawl Stone Soup version 0.18-a0-1405-g73f4075 (webtiles) character file.

39 gorblad the Sneak (level 3, -1/36 HPs)
             Began as an Octopode Assassin on Feb 24, 2016.
             Slain by a goblin
             ... wielding a +0 club
             ... led by Robin
              (5 damage)
             ... on level 2 of the Dungeon.
             The game lasted 00:01:37 (928 turns).

gorblad the Sneak (Octopode Assassin)                Turns: 928, Time: 00:01:37

Health: -1/36      AC:  1    Str: 15    XL:     3   Next: 47%
Magic:  3/3        EV: 12    Int: 13    God:
Gold:   45         SH:  0    Dex: 14    Spells: 0 memorised, 2 levels left

rFire  . . .     SeeInvis .     a - +2 dagger
rCold  . . .     Gourm    .     (no shield)
rNeg   . . .     Faith    .     (helmet restricted)
rPois  .         Spirit   .     (no amulet)
rElec  .         Dismiss  .     (no ring)
rCorr  .         Reflect  .     (no ring)
SustAt .         Harm     .     (no ring)
MR     .....                    (no ring)
Stlth  ..........               (no ring)
                                (no ring)
                                (no ring)
                                (no ring)

@: berserking, very quick, not resistant to hostile enchantments, extremely
unstealthy
A: almost no armour, amphibious, 8 rings, constrict 8, camouflage 1, gelatinous
body 1
a: no special abilities


You were on level 2 of the Dungeon.
You were not hungry.

You visited 1 branch of the dungeon, and saw 2 of its levels.

You collected 45 gold pieces.

Inventory:

Hand Weapons
 a - a +2 dagger (weapon)
 b - a +0 blowgun
Missiles
 c - 8 poisoned needles
 d - 2 curare-tipped needles
Jewellery
 h - a +3 ring of evasion {unknown}
 k - an uncursed amulet of faith {unknown}
Scrolls
 e - a scroll of teleportation
 j - a scroll of enchant weapon {unknown}
 m - a scroll of noise {unknown}
Potions
 g - a potion of haste {unknown}
Comestibles
 f - a bread ration
 n - a chunk of flesh


   Skills:
 + Level 2.2 Fighting
 + Level 2.2 Short Blades
 - Level 2.0 Throwing
 + Level 1.2 Dodging
 + Level 6.6 Stealth


You had 2 spell levels left.
You didn't know any spells.

Dungeon Overview and Level Annotations

Branches:
Dungeon (2/15)

Altars:


Innate Abilities, Weirdness & Mutations

You cannot wear most types of armour.
You are amphibious.
You can wear up to eight rings at the same time.
You can use your tentacles to constrict eight enemies at once.
Your skin changes colour to match your surroundings (Stealth).
Your rubbery body absorbs attacks (AC +1).


Message History

You are too injured to fight recklessly!
You are too injured to fight recklessly!
You are too injured to fight recklessly!
You are too injured to fight recklessly!
You closely miss Robin. You grab Robin.
Robin is almost dead.
You constrict Robin, but do no damage. The kobold barely misses you.
You hit Robin.
You kill Robin!
The goblin shoots a stone.
The stone hits you.
* * * LOW HITPOINT WARNING * * *
The goblin barely misses you. The kobold hits you with a dagger.
* * * LOW HITPOINT WARNING * * *
You are too injured to fight recklessly!
Drink which item? (? for menu, Esc to quit)
It was a potion of berserk rage.
A red film seems to cover your vision as you go berserk!
You feel yourself moving faster!
You feel mighty! The goblin hits you with a club.
You die...

*,,,,,,,,,,,,,,,,.....
*******,,,,,......,,,,,.....
*,,,,,,,,,,,.....,,,,,,.....
*,,,,,,,,,,,..#.,,,,,,,g....
*,,.,,,,,*##..w,,,,,,,,.....
***,,..,,,,,.g.g,,,,***,,.....
****,,,,,K.,,,*#gS,**,** ***##..#
*,,,,,,,.PPP,,*#g#,**,,* *#...
*,,,,,,,...P.,##@#,***,**** #..##
*,,,,,,,PP.P..#gK#,,,,,,,,* #,...
*,,,,,,,...P....##,,,,,,,,* *##..
*,,,,,,,.P.P.....#,,,,,,,,****#..
*,,,,,,,,P.P####.#,,,,,,,,**,,.#.
*,,,,,,,,PP,,**#.#,,,,,,,,,,,....
*,,,,,,,,,,,,,,...,,,,,,,,,,,,...
*,,,,,,,,,,,,**....,,,,,,,,,,,,,,
*,,,,,,,,,,,,*#..##,,,,,,,,,,,,,,


You could see a worm, an adder, 2 hobgoblins, 3 goblins and a kobold.

Vanquished Creatures
  Robin (D:2)
  A dart slug (D:1)
  A giant gecko (D:1)
  A giant cockroach (D:1)
  6 goblins
  A hobgoblin (D:1)
  6 kobolds (D:1)
  5 bats (D:1)
  2 giant newts (D:1)
  2 rats (D:1)
26 creatures vanquished.

Notes
Turn   | Place    | Note
--------------------------------------------------------------
     0 | D:1      | gorblad the Octopode Assassin began the quest for the Orb.
     0 | D:1      | Reached XP level 1. HP: 14/14 MP: 1/1
   355 | D:1      | Reached XP level 2. HP: 17/19 MP: 2/2
   378 | D:1      | Reached skill level 6 in Stealth
   825 | D:1      | Reached XP level 3. HP: 24/24 MP: 3/3
   917 | D:2      | Noticed Robin
   927 | D:2      | Killed Robin
   928 | D:2      | Slain by a goblin

Vault maps used:
D:1:      lemuel_arrival_broad_hall, serial_bayou, serial_bayou_crossing,
          serial_bayou_pond_d, serial_bayou_lake_a, serial_bayou_pond_a
D:2:      first_bread, mrwooster_statue_mirror, minmay_hedge_maze, uniq_terence,
          uniq_robin

Skill      XL: |  1  2 |
---------------+-------+-----
Stealth        | 6 |  6.6
Fighting       | |  2.2
Short Blades   | |  2.2
Throwing       | |  2.0
Dodging        | |  1.2

Action                   || total
-------------------------++-------
Melee: Dagger            ||    58
  Use: Scroll            ||     2
       Potion            ||     1
 Stab: Sleeping          ||     7
       Distracted        ||     1
